[Event "Live Chess"]
[Site "Chess.com"]
[Date "2023.05.21"]
[Round "-"]
[White "laminaaprod"]
[Black "WelshTiger"]
[Result "1/2-1/2"]
[WhiteElo "2262"]
[BlackElo "2362"]
[TimeControl "300"]
[EndTime "18:11:18 PDT"]
[Termination "Game drawn by repetition"]

1. d4 d5 2. c4 e6 3. Nf3 Nf6 4. g3 c5 5. cxd5 exd5 6. Bg2 Nc6 7. O-O Be7 8. Nc3 O-O 9. Bg5 c4 10. Ne5 Be6 11. b3 Qa5 12. Nxc6 bxc6 13. Na4 h6 14. Bxf6 Bxf6 15. Nc5 cxb3 16. axb3 Qb4 17. e3 a5 18. Qc2 Rfb8 19. Nxe6 fxe6 20. Qxc6 Qb6 21.
Qxb6 Rxb6 22. Rfb1 Kf7 23. Kf1 Be7 24. Ke2 Bb4 25. Rc1 Ra7 26. Kd3 Bd6 27. Rcb1 Rab7 28. Rxa5 Rxb3+ 29. Rxb3 Rxb3+ 30. Ke2 Rb2+ 31. Kf3 Bb4 32.
Ra1 Kf6 33. g4 g5 34. Kg3 Bd6+ 35. Kf3 Kg6 36. Rh1 Bb4 37. Bf1 Kf6 38. Ba6 Ra2 39.
Bb5 Rb2 40. Be8 e5 41. dxe5+ Kxe5 42. h4 Be7 43. hxg5 hxg5 44. Rd1 Bc5 45. Bc6 d4 46.
exd4+ Bxd4 47. Bd7 Rxf2+ 48. Kg3 Rb2 49. Re1+ Kd6 50.
Rd1 Rb3+ 51. Kg2 Ke5 52. Bf5 Be3 53. Kf3 Bf4+ 54. Ke2 Re3+ 55. Kf2 Rb3 56. Re1+ Kd5 57. Re2 Ra3 58. Be6+ Kd4 59. Bf5 Be3+ 60. Kf3 Bc1+ 61.
Kf2 Rh3 62. Re4+ Kd5 63. Re2 Bf4 64. Ke1 Rh1+ 65. Kf2 Rh2+ 66. Kf3 Rh3+ 67. Kf2 Rc3 68. Be4+ Kd4 69. Bf5 Be3+ 70. Kf3 Bc1+ 71. Kf2 Be3+ 72. Kf3 Ra3 73. Kg2 Ra7 74. Kf1 Bf4 75. Kg2 Ra3 76.
Re4+ Kd5 77. Re2 Rc3 78. Kf2 Kd4 79. Be4 Be3+ 80. Kf3 Bd2+ 81. Kf2 Re3 82. Bf5 Rxe2+ 83.
Kxe2 Bf4 84. Kf1 Ke5 85. Kg2 Kd4 86. Kf1 Ke3 87. Ke1 Kf3 88. Kd1 Kg3 89. Kc2 Kf3 90.
Kb3 Kf2 91. Kc4 Ke3 92. Kb3 Kd4 93. Bg6 Ke3 94. Bf5 Kd4 95. Bg6 Ke3 96. Bf5 1/2-1/2

[Event "Live Chess"]
[Site "Chess.com"]
[Date "2023.05.21"]
[Round "-"]
[White "ClassyChameleon"]
[Black "Hussamalhaidar"]
[Result "0-1"]
[WhiteElo "1100"]
[BlackElo "1103"]
[TimeControl "300"]
[EndTime "18:11:18 PDT"]
[Termination "Hussamalhaidar won by resignation"]

1. e4 Nc6 2. c3 e5 3. Nf3 Nf6 4. d4 exd4 5. e5 Ng4 6. cxd4 Bb4+ 7. Nc3 O-O 8. a3 Ba5 9. b4 Nxb4 10. axb4 Bxb4 11. Be2 d6 12. Bd2 dxe5 13. Nxe5 Nxe5 14.
dxe5 Re8 15. Qa4 a5 16. O-O Rxe5 17. Rfd1 Rxe2 18. Nxe2 Bxd2 19. Nf4 Bg4 20. f3 Be3+ 21. Kh1 Qg5 22. fxg4 Qxf4 23. Re1 Qxa4 24. Rxe3 Qxa1+ 0-1

[Event "Live Chess"]
[Site "Chess.com"]
[Date "2023.05.21"]
[Round "-"]
[White "Conradical12"]
[Black "Doge_Dandolo"]
[Result "1/2-1/2"]
[WhiteElo "1643"]
[BlackElo "1925"]
[TimeControl "300"]
[EndTime "18:11:22 PDT"]
[Termination "Game drawn - insufficient material"]

1. e4 c6 2. Nf3 d5 3. exd5 cxd5 4. d4 Nc6 5. c4 Nf6 6. Nc3 e6 7. Bg5 Bb4 8. Be2 dxc4 9. Bxc4 O-O 10. O-O Bd7 11.
Bd3 h6 12. Bc1 Ne7 13. a3 Bxc3 14. bxc3 Rc8 15. Bd2 Qc7 16. Rb1 Bc6 17. Ne5 Bd5 18. Qc1 Rfd8 19. Bxh6 gxh6 20. Qxh6 Ng6 21. Bxg6 fxg6 22.
Qxg6+ Qg7 23. Rfc1 Qxg6 24. Nxg6 Bc4 25. Ne7+ Kf7 26.
Nxc8 Rxc8 27. Rxb7+ Kg6 28. Rxa7 Kf5 29. Ra5+ Ke4 30. Re5+ Kd3 31. Rc5 Rg8 32. Rf1 Bd5 33.
f3 Nh5 34. c4 Kxd4 35. Rb5 Nf4 36. cxd5 Nxg2 37. Kh1 Ne3 38. dxe6 Nxf1 39. Rb4+ Kd5 40. Re4 Nd2 41. Re3 Kd4 42. Re1 Nxf3 43. Rf1 Nd2 44.
Rd1 Ke3 45. a4 Ke2 46. Rg1 Re8 47. Rg2+ Ke3 48. Rg1 Nf3 49. Rg6 Rh8 50. Kg2 Rxh2+ 51. Kg3 Rh1 52. Kg2 Rh2+ 53. Kg3 Rh1 54. Kg4 Ne5+ 55.
Kf5 Nxg6 56. Kxg6 Kd4 57. e7 Re1 58. Kf7 Kc5 59. e8=Q Rxe8 60. Kxe8 Kb4 61. a5 Kxa5 1/2-1/2

[Event "Live Chess"]
[Site "Chess.com"]
[Date "2023.05.21"]
[Round "-"]
[White "smoggyrabbit"]
[Black "NateSolon"]
[Result "0-1"]
[WhiteElo "1745"]
[BlackElo "2677"]
[TimeControl "300"]
[EndTime "18:11:43 PDT"]
[Termination "NateSolon won by resignation"]

1. d4 Nf6 2. Nf3 c5 3. d5 b5 4. Nc3 b4 5. Nb1 Bb7 6. c4 d6 7. Nbd2 e6 8. e4 exd5 9. exd5 g6 10. Bd3 Bg7 11. O-O O-O 12. Ne4 Nxe4 13. Bxe4 Nd7 14. Re1 Re8 15. Bd3 Qc7 16. Qc2 Rxe1+ 17. Nxe1 Re8 18.
Nf3 Ne5 19. Nxe5 Bxe5 20. Be3 Qe7 21. Re1 Qh4 22. h3 Bc8 23. Qa4 Re7 24. Qa5 Re8 25.
Qa4 Qe7 26. Bf4 f6 27. Bxe5 fxe5 28. Be4 Rf8 29. Bf3 Bxh3 30. Qc6 Qf6 31. Re3 Bf5 32. Qc7 e4 33. Bd1 Bc8 34. Re2 Qd4 35. Bb3 Bg4 36.
Re3 Qd2 37. Rxe4 Qxf2+ 38. Kh2 Bf3 39. Rg4 Bxg4 40. Qxd6 Qf4+ 41. Qxf4 Rxf4 42. d6 Rd4 43. d7 Bxd7 0-1

[Event "Live Chess"]
[Site "Chess.com"]
[Date "2023.05.21"]
[Round "-"]
[White "domrobson"]
[Black "whatnot126"]
[Result "1/2-1/2"]
[WhiteElo "1741"]
[BlackElo "2049"]
[TimeControl "300"]
[EndTime "18:11:44 PDT"]
[Termination "Game drawn - insufficient material"]

1. d4 d6 2. e4 Nf6 3. Nc3 g6 4. Nf3 Bg7 5. e5 dxe5 6. dxe5 Qxd1+ 7. Kxd1 Ng4 8. Ke2 Nxe5 9. Bf4 Bg4 10. Ke3 Nxf3 11. gxf3 Bf5 12. Bxc7 Bxc2 13. Bb5+ Nc6 14. Rac1 Bf5 15. Ne4 Bd4+ 16. Ke2 O-O 17. Bxc6 bxc6 18. Rxc6 Bxb2 19. Rb1 Bd4 20. Rb7 Be6 21. Nc3 Rfc8 22. Kd3 Bxc3 23. Rxc3 Bxa2 24. Ra3 Bd5 25. Rbxa7 Bxf3 26. Rxa8 Rxa8 27. Rxa8+ Bxa8 28. h4 f6 29. Ke3 e5 30. f4 exf4+ 31. Kxf4 Kf7 32. Bd8 Ke6 33. Ba5 h6 34. Bc3 Bd5 35. Bb2 Bb3 36. Bc3 Bd1 37. Bb2 g5+ 38. hxg5 hxg5+ 39. Kg3 Kf5 40.
Bc1 Ke4 41. Bd2 Kd3 42. Bc1 Kc2 43. Be3 Kd3 44. Bc1 Ke4 45. Bd2 Kf5 46. Bc1 Kg6 47. Bd2 f5 48. Bc1 f4+ 49. Bxf4 gxf4+ 50. Kxf4 1/2-1/2

[Event "Live Chess"]
[Site "Chess.com"]
[Date "2023.05.21"]
[Round "-"]
[White "worldchessleaguelive"]
[Black "ShanthamGrarks"]
[Result "0-1"]
[WhiteElo "1358"]
[BlackElo "2002"]
[TimeControl "300"]
[EndTime "18:11:54 PDT"]
[Termination "ShanthamGrarks won by resignation"]

1. d4 Nf6 2. Bf4 d6 3. Nf3 h6 4. e3 g5 5. Bg3 Bg7 6. Be2 Ne4 7. O-O Nxg3 8. fxg3 Bf6 9. Nbd2 h5 10. Ne4 g4 11.
Nxf6+ exf6 12. Nh4 Be6 13. Nf5 Bxf5 14. Rxf5 Nd7 15.
Qf1 Qe7 16. Qf2 O-O-O 17. Re1 Kb8 18. Bb5 c6 19. Bd3 d5 20. Qf4+ Ka8 21. Qf1 h4 22.
Qf2 h3 23. Qe2 hxg2 24. Kxg2 Rdg8 25. Rf4 Qb4 26. c3 Qd6 27. Rxg4 Rxg4 28. Qxg4 a6 29. Qg7 Rf8 30. Bf5 Nb6 31. e4 dxe4 32. Rxe4 Nc4 33. Re2 Ka7 34. b3 Nb6 35. c4 c5 36. d5 a5 37. Rf2 Na8 38. Bg4 f5 39. Rxf5 f6 40.
h4 Nc7 41. h5 Ne8 42. Qg6 Qe7 43. h6 Nd6 44. Rf2 Qe4+ 45. Bf3 Qxg6 0-1

[Event "Live Chess"]
[Site "Chess.com"]
[Date "2023.05.21"]
[Round "-"]
[White "wot-not"]
[Black "Tilbs_12"]
[Result "1-0"]
[WhiteElo "1543"]
[BlackElo "1547"]
[TimeControl "300"]
[EndTime "18:12:09 PDT"]
[Termination "wot-not won on time"]

1. e4 c6 2. f4 d5 3. e5 c5 4.
Nf3 Nc6 5. d4 Bg4 6. Bb5 e6 7.
O-O cxd4 8. h3 Bxf3 9. Qxf3 Bc5 10. Kh1 Ne7 11. Nd2 O-O 12. Nb3 Bb6 13. Bxc6 Nxc6 14. Bd2 a5 15. Be1 a4 16. Nc1 Rc8 17.
Nd3 Na5 18. Rc1 Qd7 19. Bh4 Nc4 20. Qg3 Ne3 21. Rf2 Nf5 22. Qg4 Nxh4 23. Qxh4 Qd8 24. Qg4 Qe7 25. Rf3 g6 26. h4 Rfe8 27. h5 Bd8 28.
hxg6 fxg6 29. Rh3 Rf8 30. g3 Rc7 31. Qf3 Qe8 32. Qf2 Rcf7 33. Qxd4 Qc6 34. Kg2 b5 35. Nb4 Qb6 36. Qxb6 Bxb6 37. a3 g5 38. Rf1 gxf4 39. g4 Kg7 40. Rfh1 Kg8 41. Rh6 f3+ 42. Kf1 Re8 43. Nc6 f2 44. c3 Be3 45. Nd4 Bxh6 46. Rxh6 Rf4 47. Nxe6 Rxe6 48. Rxe6 Rxg4 49. Rd6 Rg1+ 50.
Kxf2 Rb1 51. e6 Rxb2+ 52. Ke3 Kf8 53. Kd4 Ke7 54. Rb6 Rd2+ 55. Kc5 d4 56. cxd4 Rc2+ 57. Kd5 Rc4 58. Ke5 Rc3 59. d5 Rxa3 60. d6+ Ke8 61.
d7+ Ke7 62. Rxb5 Re3+ 63. Kd4 Rxe6 64. Kc4 1-0

[Event "Live Chess"]
[Site "Chess.com"]
[Date "2023.05.21"]
[Round "-"]
[White "raminguy"]
[Black "SupremeTactician"]
[Result "0-1"]
[WhiteElo "1937"]
[BlackElo "2310"]
[TimeControl "300"]
[EndTime "18:12:12 PDT"]
[Termination "SupremeTactician won by resignation"]

1. d4 Nf6 2. Nc3 e6 3. e4 d5 4.
Bg5 Bb4 5. e5 Bxc3+ 6. bxc3 h6 7.
Bh4 g5 8. Bg3 Ne4 9. Ne2 Nc6 10.
f3 Nxg3 11. hxg3 Qe7 12. Qd3 Bd7 13. f4 Na5 14. Nc1 Nc4 15. Qf3 O-O-O 16. Bxc4 dxc4 17. Rb1 Bc6 18. Qe2 gxf4 19. gxf4 Qa3 20. Qxc4 Bxg2 21. Rg1 Bd5 22. Qb4 Qxb4 23. Rxb4 h5 24. Rg3 h4 25. Rh3 Rdg8 26. Ne2 Rg2 27. c4 Be4 28.
Kf1 Rg7 29. Rb2 Bg2+ 0-1

[Event "Live Chess"]
[Site "Chess.com"]
[Date "2023.05.21"]
[Round "-"]
[White "nigelst"]
[Black "IgorSchukin"]
[Result "0-1"]
[WhiteElo "1772"]
[BlackElo "1767"]
[TimeControl "300"]
[EndTime "18:12:43 PDT"]
[Termination "IgorSchukin won by resignation"]

1. e4 c5 2. Nf3 Nc6 3. Bb5 Qc7 4. Kf1 e6 5. c3 Nf6 6. Qe2 Be7 7. g3 O-O 8. Kg2 d5 9. exd5 Nxd5 10. d4 cxd4 11. cxd4 Bd7 12. Nc3 Nf6 13. d5 Nxd5 14. Nxd5 exd5 15.
Bxc6 Bxc6 16. Ng5 d4+ 17. f3 Bxg5 18. Bxg5 Rfe8 19. Qd3 h6 20. Bf4 Qb6 21. b3 Rac8 22. Rhe1 Bd5 23. Qf5 Be6 24. Qh5 Rc2+ 25. Kh1 d3 26. Be3 Qc6 27. Rf1 Bd5 28. Qg4 Rxe3 29. Rae1 Bxf3+ 30. Kg1 Rg2+ 0-1

[Event "Live Chess"]
[Site "Chess.com"]
[Date "2023.05.21"]
[Round "-"]
[White "jimwad"]
[Black "GMHarry-youtube"]
[Result "0-1"]
[WhiteElo "1250"]
[BlackElo "2044"]
[TimeControl "300"]
[EndTime "18:12:56 PDT"]
[Termination "GMHarry-youtube won by resignation"]

1. d4 Nf6 2. c4 g6 3. Nc3 d5 4. Bf4 Bg7 5. Nf3 O-O 6. e3 c6 7.
c5 Nbd7 8. b4 Nh5 9. Be2 Nxf4 10.
exf4 f6 11. O-O e5 12. fxe5 fxe5 13. dxe5 Nxe5 14. Nxe5 Bxe5 15. Rc1 Qf6 16. Bf3 Bxc3 17. Rxc3 Qxc3 18. Qe1 Qxe1 19. Rxe1 Bf5 20. a3 Rae8 21. Rxe8 Rxe8 22. h3 Re1+ 23. Kh2 h5 0-1

[Event "Live Chess"]
[Site "Chess.com"]
[Date "2023.05.21"]
[Round "-"]
[White "Biranidun"]
[Black "chessfiction"]
[Result "1-0"]
[WhiteElo "2579"]
[BlackElo "2344"]
[TimeControl "300"]
[EndTime "18:13:03 PDT"]
[Termination "Biranidun won by resignation"]

1. e4 e6 2. d4 d5 3. e5 c5 4. c3 Nc6 5. Nf3 Qb6 6. Bd3 Bd7 7. dxc5 Bxc5 8. O-O f6 9. b4 Be7 10. Qe2 fxe5 11. Nxe5 Nxe5 12. Qxe5 Nf6 13. Be3 Qd6 14. Bf4 Qxe5 15. Bxe5 O-O 16. h3 a6 17. Nd2 Bb5 18. Bxb5 axb5 19. Nb3 Ne4 20. f3 Nd6 21. Rfe1 Nc4 22.
Bd4 Bh4 23. Rxe6 Ra3 24. Nc5 Rfa8 25. Re2 b6 26. Ne6 Bf6 27. Bxf6 gxf6 28. Nc7 Rc8 29. Nxd5 Kf7 30. Re7+ Kg8 31. Nxf6+ 1-0

[Event "Live Chess"]
[Site "Chess.com"]
[Date "2023.05.21"]
[Round "-"]
[White "Duke_of_Bebington"]
[Black "blowerd"]
[Result "1-0"]
[WhiteElo "1588"]
[BlackElo "1359"]
[TimeControl "300"]
[EndTime "18:13:47 PDT"]
[Termination "Duke_of_Bebington won on time"]

1. e4 e5 2. Nf3 Nc6 3. Bc4 Bc5 4. b4 Bxb4 5. c3 Bc5 6. d4 exd4 7. O-O dxc3 8. Bxf7+ Kxf7 9. Qd5+ Ke8 10. Qxc5 Qe7 11. Qxc3 Nf6 12. Bb2 d6 13. Nbd2 h6 14. e5 dxe5 15.
Nxe5 Nxe5 16. Qxe5 Qxe5 17. Bxe5 c6 18. Rfe1 Kf7 19.
Nc4 Bf5 20. Nd6+ Kg6 21. Nxb7 Rhe8 22. Nd6 Re6 23. Nxf5 Kxf5 24. Bxf6 gxf6 25. Rxe6 Kxe6 26. Rc1 Kd6 27. f4 Re8 28. Kf2 Re4 29. Kf3 Ra4 30.
Rc2 f5 31. Rd2+ Kc5 32. Rc2+ Kb5 33. g3 Ra3+ 34. Ke2 c5 35. Kd2 c4 36. Kc1 Rf3 37.
Kb2 Kc5 38. Re2 Kb4 39. Rc2 c3+ 40. Kb1 Rf1+ 41. Rc1 Rf2 42. Rc2 Rf1+ 43. Rc1 Rf2 44. Rc2 Rd2 45. Kc1 a5 46. Rxd2 cxd2+ 47. Kxd2 Ka3 48.
Kc2 Kxa2 49. g4 fxg4 50. f5 g3 51. hxg3 Ka3 52. f6 h5 53. f7 h4 54. f8=Q+ 1-0

[Event "Live Chess"]
[Site "Chess.com"]
[Date "2023.05.21"]
[Round "-"]
[White "ClassyChameleon"]
[Black "Conradical12"]
[Result "0-1"]
[WhiteElo "1099"]
[BlackElo "1644"]
[TimeControl "300"]
[EndTime "18:14:15 PDT"]
[Termination "Conradical12 won by resignation"]

1. e4 e5 2. Nf3 Nc6 3. c3 Nf6 4. d3 Be7 5. Be2 O-O 6. O-O d6 7. d4 exd4 8. cxd4 Nxe4 9. Bd3 Nf6 10. Bg5 Bg4 11. d5 Nxd5 12. Bxe7 Ndxe7 13. Qc2 Bxf3 14. gxf3 Ng6 15. f4 Nxf4 16. Bxh7+ Kh8 17. Be4 d5 18. Bf3 Nd4 19. Qa4 Nde2+ 20. Bxe2 Qg5+ 0-1

[Event "Live Chess"]
[Site "Chess.com"]
[Date "2023.05.21"]
[Round "-"]
[White "laminaaprod"]
[Black "Doge_Dandolo"]
[Result "1-0"]
[WhiteElo "2264"]
[BlackElo "1923"]
[TimeControl "300"]
[EndTime "18:14:29 PDT"]
[Termination "laminaaprod won by resignation"]

1. d4 d5 2. c4 c6 3. Nf3 Nf6 4. Nc3 a6 5. cxd5 cxd5 6. e3 Nc6 7. Bd3 Bg4 8. O-O e6 9. h3 Bh5 10. Be2 Bd6 11. a3 O-O 12. b4 b5 13. Bb2 Rc8 14.
Rc1 Bxf3 15. Bxf3 Na7 16. e4 dxe4 17. Nxe4 Nxe4 18. Bxe4 Rxc1 19. Qxc1 Qc8 20. Qg5 Rd8 21.
Rc1 Qd7 22. d5 Bf8 23. dxe6 fxe6 24. Qh5 g6 25. Qe5 Bg7 26. Qxg7+ Qxg7 27. Bxg7 Kxg7 28. Rc7+ 1-0

[Event "Live Chess"]
[Site "Chess.com"]
[Date "2023.05.21"]
[Round "-"]
[White "GMHarry-youtube"]
[Black "nigelst"]
[Result "1-0"]
[WhiteElo "2047"]
[BlackElo "1769"]
[TimeControl "300"]
[EndTime "18:15:15 PDT"]
[Termination "GMHarry-youtube won by checkmate"]

1. e4 c6 2. d4 d5 3. e5 c5 4. dxc5 e6 5. a3 Bxc5 6. b4 Bb6 7. Bb2 Nc6 8. Nf3 Nge7 9. Bd3 Ng6 10. Qe2 O-O 11.
g3 Bd7 12. h4 Nge7 13. h5 g6 14. Ng5 Nf5 15. Nxh7 Kxh7 16. hxg6+ Kg7 17. Bxf5 exf5 18.
e6+ f6 19. Rh7+ Kxg6 20. Qh5# 1-0

[Event "Live Chess"]
[Site "Chess.com"]
[Date "2023.05.21"]
[Round "-"]
[White "Singapourfeuj"]
[Black "LutherSullivan"]
[Result "0-1"]
[WhiteElo "2158"]
[BlackElo "2145"]
[TimeControl "300"]
[EndTime "18:15:20 PDT"]
[Termination "LutherSullivan won by checkmate"]

1. d4 d5 2. c4 e6 3. Nf3 Nf6 4. Nc3 Be7 5. Bg5 O-O 6. cxd5 Nxd5 7. Bxe7 Qxe7 8. e4 Nxc3 9. bxc3 c5 10. Bd3 Nc6 11. O-O Rd8 12. d5 exd5 13. exd5 Na5 14. Re1 Qf6 15. c4 Bg4 16. Re3 Re8 17. Rb1 b6 18. h3 Bxf3 19. Qxf3 Qxf3 20. Rxf3 Nb7 21.
g3 Nd6 22. Re3 Rxe3 23. fxe3 f5 24. Rf1 g6 25. g4 Re8 26. gxf5 Rxe3 27. Bb1 gxf5 28.
Bxf5 Nxf5 29. Rxf5 Rxh3 30. Kf2 Rc3 31. d6 Rd3 32.
Rf6 Kg7 33. Re6 Kf7 34. Re7+ Kf6 35. Rxh7 Rxd6 36. Rxa7 Ke5 37. Ke3 Rh6 38. Rb7 Rh3+ 39.
Kd2 Kd4 40. Rxb6 Rh2+ 41. Kc1 Rxa2 42. Rh6 Re2 43. Rh4+ Kd3 44. Rh5 Rc2+ 45. Kb1 Rxc4 46. Rh3+ Kd4 47. Rh4+ Kc3 48. Rh3+ Kb4 49. Kb2 Rg4 50.
Rf3 Rg2+ 51. Kb1 c4 52. Rf8 Kb3 53. Rb8+ Kc3 54. Rb7 Rg1+ 55. Ka2 Kd2 56. Rd7+ Kc2 57.
Rc7 c3 58. Ka3 Rg4 59. Rd7 Rc4 60. Ka2 Ra4# 0-1

[Event "Live Chess"]
[Site "Chess.com"]
[Date "2023.05.21"]
[Round "-"]
[White "GEMdzq"]
[Black "manthanit"]
[Result "1-0"]
[WhiteElo "2269"]
[BlackElo "1055"]
[TimeControl "300"]
[EndTime "18:15:32 PDT"]
[Termination "GEMdzq won on time"]

1. e4 e6 2. d4 g6 3. Nc3 Bg7 4.
Nf3 c6 5. Be2 d6 6. O-O Nd7 7.
Bf4 Ne7 8. Bxd6 O-O 9. a4 a6 10. a5 b5 11. axb6 Bb7 12. Bc7 Qc8 13. Na4 c5 14.
dxc5 Bxe4 15. Nd2 Bc6 16. Bd6 Re8 17. Nc4 Bxa4 18. Rxa4 Nxc5 19. Ra2 Nd5 20. Bf3 Qc6 21.
Bc7 Qd7 22. Nd6 Re7 23. Bxd5 exd5 24. Qxd5 Re5 25. Qxa8+ Bf8 26. b7 Nxb7 27. Qxb7 Bxd6 28. Bxd6 Qxb7 29. Bxe5 Qd5 30. Rxa6 Qxe5 31. c3 Qe2 32. Rb6 Kg7 33. Rb4 h5 34. g3 g5 35. h3 f6 36.
Kg2 Kg6 37. Ra1 h4 38. gxh4 gxh4 39. Ra5 Qe6 40. Rxh4 Qc6+ 41. f3 Qd6 42. Rd4 Qe6 43. Rd2 1-0

[Event "Live Chess"]
[Site "Chess.com"]
[Date "2023.05.21"]
[Round "-"]
[White "IgorSchukin"]
[Black "jimwad"]
[Result "1-0"]
[WhiteElo "1768"]
[BlackElo "1249"]
[TimeControl "300"]
[EndTime "18:15:43 PDT"]
[Termination "IgorSchukin won by resignation"]

1. e4 e5 2. f4 exf4 3. Nf3 g5 4. Bc4 Nf6 5. Nxg5 Bh6 6. Nxf7 Qe7 7. Nxh8 Qxe4+ 8.
Qe2 Qxe2+ 9. Bxe2 d5 10. d4 Ne4 11. Bh5+ Kd7 12. Nf7 Bg7 13. c3 c5 14. Bxf4 cxd4 15. Be5 Bxe5 16. Nxe5+ Ke6 17. cxd4 Nc6 18. Nxc6 bxc6 19.
O-O Ba6 20. Re1 Kd6 21. Nc3 Nxc3 22. bxc3 Rf8 23. Re5 1-0

[Event "Live Chess"]
[Site "Chess.com"]
[Date "2023.05.21"]
[Round "-"]
[White "alanmike75"]
[Black "therealab0ne"]
[Result "1-0"]
[WhiteElo "1575"]
[BlackElo "717"]
[TimeControl "300"]
[EndTime "18:16:05 PDT"]
[Termination "alanmike75 won on time"]

1. e4 c5 2. Nf3 Nc6 3. c3 d6 4.
d4 cxd4 5. cxd4 e5 6. dxe5 dxe5 7.
Qxd8+ Kxd8 8. Nc3 Bb4 9. Bd2 Nd4 10. Nxd4 exd4 11. Nd5 Bxd2+ 12. Kxd2 Ne7 13. Nf4 Nc6 14. Bb5 Re8 15. f3 Kc7 16. Rac1 Bd7 17. Nd5+ Kd6 18. a3 a6 19. Bd3 Rac8 20. Nb6 Rc7 21. f4 Ke7 22.
Nd5+ Kd8 23. Nxc7 Kxc7 24. Rhe1 Kd8 25. b4 Ke7 26. g3 Kf8 27. e5 a5 28. b5 Ne7 29. a4 Bf5 30. Rc5 Bxd3 31. Kxd3 g6 32. Kxd4 Nf5+ 33. Kc3 Rd8 34. Rc4 1-0

[Event "Live Chess"]
[Site "Chess.com"]
[Date "2023.05.21"]
[Round "-"]
[White "domrobson"]
[Black "NateSolon"]
[Result "1/2-1/2"]
[WhiteElo "1749"]
[BlackElo "2662"]
[TimeControl "300"]
[EndTime "18:16:12 PDT"]
[Termination "Game drawn by agreement"]

1. d4 Nf6 2. c4 c5 3. d5 b5 4.
Qc2 bxc4 5. e4 e6 6. Nc3 exd5 7. exd5 d6 8. Nf3 Be7 9. Bxc4 O-O 10. O-O Nbd7 11. Bf4 Nb6 12. b3 Bg4 13. Qd3 Re8 14. Rfe1 Bh5 15. Re3 Bg6 16. Qe2 Nxc4 17. bxc4 Bf8 18.
Rxe8 Qxe8 19. Qxe8 Rxe8 20. Nb5 Bd3 21. Nxd6 Bxd6 22.
Bxd6 Bxc4 23. Bxc5 Bxd5 24. Bxa7 Ra8 25. Bd4 Ne4 26. a4 f6 27. a5 Ra6 28. Bb6 Nd6 29. Rd1 Bxf3 30. Rxd6 Be2 31. Rd2 Bc4 32. Rd8+ Kf7 33. f4 Ke6 34. Kf2 Bd5 35. g3 Ra8 36. Rxa8 Bxa8 37. Ke3 Kd5 38. g4 g6 39. h4 f5 40.
gxf5 gxf5 1/2-1/2

[Event "Live Chess"]
[Site "Chess.com"]
[Date "2023.05.21"]
[Round "-"]
[White "Long1968"]
[Black "Missedidea"]
[Result "0-1"]
[WhiteElo "1059"]
[BlackElo "1839"]
[TimeControl "300"]
[EndTime "18:16:28 PDT"]
[Termination "Missedidea won on time"]

1. e4 c5 2. c3 Nf6 3. Bd3 d6 4. Bc2 Nc6 5. d3 g6 6. Nd2 Bg7 7. Ndf3 O-O 8. Ne2 e5 9. Bg5 h6 10. Bh4 g5 11. Bg3 Nh5 12. O-O Nf4 13. Bxf4 exf4 14.
g3 g4 15. Nh4 Bf6 16. Nf5 Bxf5 17. exf5 f3 18. Nf4 Be5 19. Qd2 Qg5 20. d4 cxd4 21. Qd3 Bxf4 22. gxf4 Qf6 23. Rad1 h5 24. cxd4 h4 25.
h3 Kh7 26. hxg4 Rg8 27. Qxf3 Nxd4 28. Qd3 Rxg4+ 29. Kh2 Nc6 30. Qxd6 Qxb2 31. f6+ Qxc2 32. Rc1 Qe4 0-1

[Event "Live Chess"]
[Site "Chess.com"]
[Date "2023.05.21"]
[Round "-"]
[White "garyjc"]
[Black "xx_blindpuffin_xx"]
[Result "0-1"]
[WhiteElo "1035"]
[BlackElo "2205"]
[TimeControl "300"]
[EndTime "18:17:07 PDT"]
[Termination "xx_blindpuffin_xx won by resignation"]

1. e4 c6 2. d4 d5 3. Nc3 dxe4 4. Nxe4 Nf6 5. Nxf6+ exf6 6. Nf3 Be7 7. Bd3 O-O 8. Be3 f5 9. c3 Re8 10. O-O Bd6 11.
Qd2 Qc7 12. Bc4 f4 13. Ng5 Be6 14. Qd3 Bxc4 15. Qxh7+ Kf8 16. Qh8+ Ke7 17. Qxg7 fxe3 18. Qxf7+ Bxf7 0-1

[Event "Live Chess"]
[Site "Chess.com"]
[Date "2023.05.21"]
[Round "-"]
[White "Conradical12"]
[Black "Duke_of_Bebington"]
[Result "1-0"]
[WhiteElo "1651"]
[BlackElo "1581"]
[TimeControl "300"]
[EndTime "18:17:10 PDT"]
[Termination "Conradical12 won by resignation"]

1. e4 e5 2. Nf3 Nf6 3. Bc4 Nc6 4. Ng5 d5 5. exd5 Nd4 6. O-O b5 7. Bb3 Nxb3 8. axb3 Nxd5 9. d3 f6 10. c4 Nb4 11. Qf3 fxg5 12. Qxa8 Nxd3 13. Qe4 bxc4 14. bxc4 Bd6 15. Qxd3 O-O 16. Rd1 Ba6 17. Qd5+ Kh8 18. Rxa6 1-0

[Event "Live Chess"]
[Site "Chess.com"]
[Date "2023.05.21"]
[Round "-"]
[White "romchyk1219"]
[Black "Pablo_dmp"]
[Result "0-1"]
[WhiteElo "633"]
[BlackElo "1862"]
[TimeControl "300"]
[EndTime "18:17:13 PDT"]
[Termination "Pablo_dmp won by checkmate"]

1. e4 c5 2. Nf3 Nc6 3. g3 g6 4.
Bg2 Bg7 5. O-O Nf6 6. Nc3 d6 7. d3 Bg4 8. Bf4 Nh5 9. Be3 O-O 10.
h3 Bd7 11. g4 Nf6 12. Bg5 Ne8 13. Nd5 f6 14. Bd2 e6 15. Nf4 e5 16. Ne2 Nc7 17. c3 Ne6 18. d4 exd4 19. cxd4 cxd4 20. Nexd4 Nexd4 21. Nxd4 Nxd4 22. Bb4 Qb6 23. Bd2 Bb5 24.
Re1 Rae8 25. Be3 f5 26. gxf5 gxf5 27. exf5 Rxf5 28. Be4 Rff8 29. Bxh7+ Kxh7 30. Bxd4 Rxe1+ 31. Qxe1 Bxd4 32. Qe7+ Kh8 33. Qxf8+ Kh7 34. Qf7+ Kh6 35. Qf4+ Kg6 36. Qg4+ Kf6 37. Qf4+ Ke7 38. Qh4+ Kd7 39. Qh7+ Ke6 40. Qh6+ Kd5 41. Qg5+ Kc6 42. Qd2 Kd7 43.
Qh6 Qc5 44. Qh7+ Ke6 45. Qh6+ Kf7 46. Qh7+ Kf8 47. Qh6+ Bg7 48. Qf4+ Kg8 49. Kg2 Bc6+ 50. Kg3 Be5 51. Qxe5 dxe5 52. Kg4 Qxf2 53. Kh5 Be8+ 54. Kg5 Qf4# 0-1

[Event "Live Chess"]
[Site "Chess.com"]
[Date "2023.05.21"]
[Round "-"]
[White "KeithArkell"]
[Black "Tushinskiy"]
[Result "0-1"]
[WhiteElo "2589"]
[BlackElo "2174"]
[TimeControl "300"]
[EndTime "18:17:30 PDT"]
[Termination "Tushinskiy won by resignation"]

1. d4 d5 2. Nf3 c6 3. c4 e6 4. cxd5 exd5 5. Nc3 Nf6 6. Qc2 Bd6 7. Bg5 Bg4 8. Ne5 Bh5 9. Qb3 Qc7 10. Bxf6 gxf6 11. Nd3 Nd7 12. e3 O-O 13. Be2 Bg6 14. O-O Bxh2+ 15.
Kh1 Bd6 16. Rac1 Qb8 17. g3 Re8 18. Kg2 f5 19. Bf3 Nf6 20. Nf4 Bxf4 21. exf4 Kg7 22. Rfe1 Rxe1 23. Rxe1 Qc7 24. Nd1 Re8 25. Rxe8 Nxe8 26.
Ne3 Nd6 27. Qa3 a6 28. Qc5 Qd8 29. a4 h5 30. Kg1 Qf6 31. b3 h4 32. gxh4 Ne4 33. Bxe4 fxe4 34. Ng2 Bh5 35. Qc3 Bf3 36.
Ne1 Qg6+ 37. Kf1 Qg4 38. Nxf3 exf3 39. Qe3 Kh7 40. a5 Kg8 41. Ke1 Qxh4 42. Kd2 Qg4 43. Qxf3 Qxf3 0-1

[Event "Live Chess"]
[Site "Chess.com"]
[Date "2023.05.21"]
[Round "-"]
[White "wot-not"]
[Black "raminguy"]
[Result "0-1"]
[WhiteElo "1541"]
[BlackElo "1939"]
[TimeControl "300"]
[EndTime "18:17:42 PDT"]
[Termination "raminguy won by resignation"]

1. d4 d5 2. c4 e6 3. Nc3 a6 4.
cxd5 exd5 5. Bf4 c6 6. e3 Bd6 7.
Bd3 Nf6 8. Bxd6 Qxd6 9. Nf3 O-O 10. O-O Bg4 11. h3 Bh5 12. Be2 Nbd7 13. a3 Rab8 14. Nh2 Bxe2 15. Qxe2 Rfe8 16. Ng4 Ne4 17. Nxe4 Rxe4 18.
Rac1 Rbe8 19. Nh2 Rxd4 20. Nf3 Rde4 21. Qd3 h6 22. Nd4 Qg6 23. Qb3 Rb8 24. Ne2 Ne5 25.
Nf4 Qf6 26. Nh5 Qg5 27. Ng3 Rc4 28. f4 Qxg3 29. fxe5 Rxc1 30. Rxc1 Qxe5 31. Rxc6 bxc6 0-1

[Event "Live Chess"]
[Site "Chess.com"]
[Date "2023.05.21"]
[Round "-"]
[White "grillage"]
[Black "ThatGuyNamedJeff"]
[Result "1-0"]
[WhiteElo "1803"]
[BlackElo "1569"]
[TimeControl "300"]
[EndTime "18:17:48 PDT"]
[Termination "grillage won by checkmate"]

1. d4 Nf6 2. Nc3 d5 3. Bf4 g6 4.
e3 Bg7 5. Nf3 O-O 6. h4 Nc6 7. Qd2 Bg4 8. Ne5 Nxe5 9. Bxe5 h5 10.
f3 Bf5 11. Be2 Bh6 12. O-O-O Nd7 13. Bf4 Bxf4 14. exf4 Nb6 15. g4 hxg4 16. fxg4 Bd7 17. h5 Kg7 18. hxg6 fxg6 19. Qe3 Nc4 20. Bxc4 dxc4 21.
Qe5+ Kf7 22. Rh7+ Ke8 23. Re1 e6 24. d5 Qf6 25. Qxf6 Rxf6 26. dxe6 Bc6 27. Rh8+ Rf8 28. Rxf8+ Kxf8 29. f5 gxf5 30. gxf5 Ke7 31. Rg1 Kf6 32.
Rf1 Re8 33. Kd2 b5 34. Ke3 Rg8 35. Ne4+ Ke5 36. Nc5 Kd5 37. b4 Rg3+ 38. Kf4 Rg2 39. Rd1+ Rd2 40. Rxd2# 1-0